 Dungeon Crawl Stone Soup version 0.31-a0-360-gb3e1d13bf4 (webtiles) character file.

Game seed: 14845916998856093244

2470 cforsyth the Prestidigitator (level 9, -1/61 HPs)
             Began as a Gnoll Artificer on July 26, 2023.
             Was a Follower of Hepliaklqana.
             Slain by Amaemon
             ... wielding a -2 demon whip of venom
              (10 damage)
             ... on level 8 of the Dungeon.
             The game lasted 00:12:15 (6954 turns).

cforsyth the Prestidigitator (Gnoll Artificer)      Turns: 6954, Time: 00:12:16

Health: -1/61      AC: 12    Str: 18    XL:     9   Next: 51%
Magic:  14/15      EV:  7    Int: 15    God:    Hepliaklqana [*.....]
Gold:   478        SH:  0    Dex: 12    Spells: 16/16 levels left

rFire   . . .        G - +5 scimitar (freeze)
rCold   . . .        (no shield)
rNeg    . . .        L - +0 plate armour
rPois   .            (no helmet)
rElec   .            (no cloak)
rCorr   .            (no gloves)
SInv    .            (no boots)
Will    .....        y - amulet of the acrobat Stlth
                     m - +4 ring of slaying
HPRegen 0.30/turn    D - +6 ring of strength
MPRegen 0.14/turn

%: acrobat
@: no status effects
A: reduced essence, fangs 1, strong nose, distributed training
a: Renounce Religion, Recall Ancestor, Ancestor Identity


You were on level 8 of the Dungeon.
You worshipped Hepliaklqana.
Hepliaklqana was aware of your devotion.
You visited 2 branches of the dungeon, and saw 9 of its levels.

You collected 478 gold pieces.

Inventory:

Hand Weapons
 a - a +0 club
 t - a +4 club
 E - a +2 whip of draining
 G - a +5 scimitar of freezing (weapon)
 H - a +4 short sword of freezing
 K - a +1 vampiric halberd
Missiles
 j - 13 poisoned darts
Armour
 b - a +0 leather armour
 z - a +2 leather armour of cold resistance
 L - a +0 plate armour (worn)
Jewellery
 m - a +4 ring of slaying (left hand)
 q - a ring of wizardry
 y - an amulet of the acrobat (around neck)
 B - a ring of willpower
 D - a +6 ring of strength (right hand)
Wands
 c - a wand of flame (35) (quivered)
 d - a wand of charming (15)
 e - a wand of iceblast (5)
 A - a wand of mindburst (8)
 C - a wand of light (4)
 F - a wand of paralysis (13)
Scrolls
 f - a scroll of identify
 h - 2 scrolls of immolation {unknown}
 i - 2 scrolls of teleportation
 k - 2 scrolls of fog
 l - 3 scrolls of vulnerability
 s - a scroll of noise {unknown}
 u - a scroll of revelation {unknown}
 v - a scroll of fear {unknown}
 w - a scroll of blinking {unknown}
 I - a scroll of acquirement {unknown}
Potions
 g - a potion of mutation
 n - 2 potions of might
 o - a potion of resistance
 p - 2 potions of enlightenment
 x - a potion of berserk rage {unknown}
 J - a potion of heal wounds {unknown}


   Skills:
 + Level 5.2 Fighting
 + Level 4.4 Short Blades
 + Level 4.4 Long Blades
 + Level 4.4 Axes
 + Level 4.4 Maces & Flails
 + Level 4.4 Polearms
 + Level 4.4 Staves
 + Level 4.4 Ranged Weapons
 + Level 4.4 Throwing
 + Level 6.4 Armour
 + Level 5.2 Dodging
 + Level 5.0 Stealth
 + Level 4.4 Shields
 + Level 4.4 Unarmed Combat
 + Level 4.4 Spellcasting
 + Level 3.6 Conjurations
 + Level 3.6 Hexes
 + Level 3.6 Summonings
 + Level 3.6 Necromancy
 + Level 3.6 Translocations
 + Level 3.6 Transmutations
 + Level 3.6 Fire Magic
 + Level 3.6 Ice Magic
 + Level 3.6 Air Magic
 + Level 3.6 Earth Magic
 + Level 3.6 Poison Magic
 + Level 4.8 Invocations
 + Level 8.0 Evocations
 + Level 3.6 Shapeshifting


You had 16 spell levels left.
You didn't know any spells.
Your spell library contained the following spells:

 Spells                   Type           Power      Damage    Failure   Level
 Slow                     Hex            56%        N/A       77%         1
 Cigotuvi's Dreadful Rot  Necr/Pois/Air  28%        N/A       88%         2
 Confusing Touch          Hex            14%        N/A       98%         3
 Vampiric Draining        Necr           14%        2d7       98%         3
 Dispel Undead            Necr           14%        3d10      100%        4
 Death Channel            Necr           7%         N/A       100%        6


Dungeon Overview and Level Annotations

Branches:
Dungeon (8/15)             Temple (1/1) D:5
   Lair: D:8-11

Altars:
Ashenzari
Cheibriados
Dithmenos
Elyvilon
Fedhas
Gozag
Hepliaklqana
Makhleb
Nemelex Xobeh
Qazlal
Ru
Sif Muna
Uskayaw
Vehumet
Wu Jian
Xom
Yredelemnul
Zin
The Shining One

Shops:
D:5 *

Annotations:
D:8 Amaemon


Innate Abilities, Weirdness & Mutations

Your life essence is reduced to manifest your ancestor. (-10% HP)
You have very sharp teeth.
Your uncanny sense of smell can sniff out nearby items.
Your experience applies equally to all skills.


Message History

Muriel hits the orange demon with a +0 quarterstaff!
Aiming: Bolt of Light
Press: ? - help, Shift-Dir - straight line, f - orange demon
Aim: an orange demon (severely wounded, concentrated venom, not watching you, ally target, 84% to hit)
The bolt of light hits Amaemon!!
Amaemon is moderately wounded.
Amaemon is blinded.
The bolt of light hits the orange demon!!
You kill the orange demon!
You feel very sick.
Amaemon hits you with a -2 demon whip of venom!
* * * LOW HITPOINT WARNING * * *
Amaemon claws you but does no damage. Amaemon tail-slaps you.
* * * LOW HITPOINT WARNING * * *
Muriel gestures at Amaemon while chanting.
The stone arrow hits Amaemon.
Your Stealth skill increases to level 5!
Your Evocations skill increases to level 8!
Aiming: Mindburst
Press: ? - help, Shift-Dir - straight line Amaemon resists with significant effort.
* * * LOW HITPOINT WARNING * * *
You feel very sick. Amaemon hits you but does no damage.
You are more poisoned.
Amaemon claws you.
* * * LOW HITPOINT WARNING * * *
Amaemon completely misses you.
Muriel casts a spell at Amaemon.
The puff of frost hits Amaemon!
It was a potion of curing.
You feel better.
Amaemon hits you with a -2 demon whip of venom!
* * * LOW HITPOINT WARNING * * *
Amaemon claws you.
* * * LOW HITPOINT WARNING * * *
Amaemon tail-slaps you but does no damage.
Muriel closely misses Amaemon.
You feel better.
Amaemon hits you with a -2 demon whip of venom!
You die...

##...#######.##.#
#.............#....4..
#.......[.....#.......
+.............#.......
#............##...##.6
#............###### .
#.....R...........
#.....6...........
#....@##...........
#.....#########...#
#...<.# #+## #.....#∆
#.....# ∆ +.....#
#.....# #.....#
#.....#


You could see the friendly Muriel the battlemage (weak) and Amaemon (blind, ally
target).

Vanquished Creatures
  An orange demon (D:8)
  A water moccasin (D:7)
  An orc warrior (D:7)
  An ice beast (D:5)
  2 ogres
  A kobold brigand (D:7)
  2 bullfrogs
  2 scorpions
  6 wights (D:7)
  2 howler monkeys (D:6)
  3 hounds
  A jelly (D:6)
  An orc priest (D:3)
  2 sleepcaps (D:5)
  Jessica (D:2)
  4 iguanas
  4 orc wizards
  5 adders
  A shadow imp (D:6)
  3 white imps (D:6)
  2 worms
  3 dart slugs
  13 orcs
  4 endoplasms
  4 giant cockroaches
  7 goblins
  4 hobgoblins
  6 jackals
  3 quokkas
  4 ball pythons
  7 bats
  7 frilled lizards
  13 kobolds
  7 rats
128 creatures vanquished.

Vanquished Creatures (collateral kills)
  A kobold brigand (D:6)
  A bullfrog (D:7)
  4 wights (D:7)
  A howler monkey (D:7)
  An orc (D:7)
  2 kobolds (D:7)
10 creatures vanquished.

Vanquished Creatures (others)
  An ancestor (D:6)
1 creature vanquished.

Grand Total: 139 creatures vanquished

Notes
Turn   | Place    | Note
-------+----------+-------------------------------------------
     0 | D:1      | cforsyth the Gnoll Artificer began the quest for the Orb.
     0 | D:1      | Reached XP level 1. HP: 17/17 MP: 1/1
   185 | D:1      | Reached XP level 2. HP: 3/23 MP: 2/2
  1074 | D:2      | Reached XP level 3. HP: 28/28 MP: 3/3
  1361 | D:2      | Reached skill level 1 in Invocations
  1541 | D:2      | Reached skill level 1 in Short Blades
  1541 | D:2      | Reached skill level 1 in Long Blades
  1541 | D:2      | Reached skill level 1 in Axes
  1541 | D:2      | Reached skill level 1 in Maces & Flails
  1541 | D:2      | Reached skill level 1 in Polearms
  1541 | D:2      | Reached skill level 1 in Staves
  1541 | D:2      | Reached skill level 1 in Ranged Weapons
  1541 | D:2      | Reached skill level 1 in Throwing
  1541 | D:2      | Reached skill level 1 in Shields
  1541 | D:2      | Reached skill level 1 in Unarmed Combat
  1541 | D:2      | Reached skill level 1 in Spellcasting
  1809 | D:2      | Noticed Jessica
  1816 | D:2      | Killed Jessica
  1817 | D:2      | Reached XP level 4. HP: 34/34 MP: 5/5
  1869 | D:3      | Reached skill level 1 in Conjurations
  1869 | D:3      | Reached skill level 1 in Hexes
  1869 | D:3      | Reached skill level 1 in Summonings
  1869 | D:3      | Reached skill level 1 in Necromancy
  1869 | D:3      | Reached skill level 1 in Translocations
  1869 | D:3      | Reached skill level 1 in Transmutations
  1869 | D:3      | Reached skill level 1 in Fire Magic
  1869 | D:3      | Reached skill level 1 in Ice Magic
  1869 | D:3      | Reached skill level 1 in Air Magic
  1869 | D:3      | Reached skill level 1 in Earth Magic
  1869 | D:3      | Reached skill level 1 in Poison Magic
  1869 | D:3      | Reached skill level 1 in Shapeshifting
  1996 | D:3      | Reached XP level 5. HP: 37/40 MP: 5/7
  2020 | D:3      | Found a blossoming altar of Fedhas.
  2096 | D:3      | Found a faded altar of an unknown god.
  3141 | D:3      | Reached XP level 6. HP: 44/47 MP: 8/8
  3434 | D:4      | Reached skill level 5 in Armour
  4146 | D:5      | Entered Level 5 of the Dungeon
  4281 | D:5      | Found a staircase to the Ecumenical Temple.
  4287 | D:5      | Found a sparkling altar of Nemelex Xobeh.
  4303 | D:5      | Found Docuc's Lightly-Used Armoury.
  4312 | Temple   | Entered the Ecumenical Temple
  4318 | Temple   | Became a worshipper of Hepliaklqana the Forgotten
  4420 | D:5      | Found a radiant altar of Vehumet.
  4433 | D:5      | Noticed an ice beast
  4442 | D:5      | Killed an ice beast
  4443 | D:5      | Reached skill level 7 in Evocations
  4443 | D:5      | Reached XP level 7. HP: 46/52 MP: 10/10
  4500 | D:5      | Noticed a +0 dagger
  4501 | D:5      | Noticed a +0 short sword
  4502 | D:5      | Noticed a +0 falchion
  4502 | D:5      | Noticed a +0 falchion
  4502 | D:5      | Noticed a +0 short sword
  4503 | D:5      | Noticed a +0 dagger
  4503 | D:5      | Noticed a +0 spear
  4505 | D:5      | Noticed a +0 spear
  4512 | D:5      | Found a hide-covered altar of Uskayaw.
  4870 | D:5      | Found an opulent altar of Gozag.
  5145 | D:5      | Reached * piety under Hepliaklqana
  5332 | D:6      | Reached XP level 8. HP: 54/54 MP: 12/12
  6026 | D:7      | Reached ** piety under Hepliaklqana
  6120 | D:7      | Remembered your ancestor Muriel as a battlemage
  6457 | D:7      | Reached XP level 9. HP: 59/59 MP: 14/14
  6471 | D:7      | Identified the +1 ring mail of Snakes and Ladders {Dex+3}
  6642 | D:7      | Reached skill level 5 in Fighting
  6642 | D:7      | Reached skill level 5 in Dodging
  6926 | D:8      | Noticed Amaemon
  6926 | D:8      | Noticed an orange demon
  6951 | D:8      | Killed an orange demon
  6952 | D:8      | Reached skill level 5 in Stealth
  6952 | D:8      | Reached skill level 8 in Evocations
  6953 | D:8      | HP: 2/61 [Amaemon/-2 demon whip of venom (4)]
  6954 | D:8      | Slain by Amaemon

Illustrated notes

Levels and vault maps discovered:
D:1:      nicolae_arrival_washed_ashore, layout_loops_ring, minmay_surrounded
D:2:      layout_loops_cross, hangedman_glass_teeth, st_stairs_4, uniq_jessica
D:3:      layout_rooms, mainiacjoe_overflow_surrounded_room,
          hellmonk_ecumenical_altar_arch_garden
D:4:      layout_cave_pods
D:5:      layout_gridville, mainiacjoe_overflow_paths,
          nicolae_uskayaw_en_pointe, mainiacjoe_overflow_boulevard,
          nemelex_xobeh_ov_fountains_minmay, minmay_temple_entry_arrows,
          st_stairs_7, minmay_shop_damaged
D:6:      layout_rooms, chequers_serial_rivers_micro_b, grunt_decor_mini_mirrors
D:7:      layout_rooms
D:8:      layout_gridville, jmf_multi_god_temple, uniq_amaemon
Temple:   eino_narrow_crystal_temple

Skill      XL: |  1  2  3  4  5  6  7  8  9 |
---------------+----------------------------+-----
Invocations    | 1 2 3 4 |  4.8
Short Blades   | 1 2 3 4 |  4.4
Long Blades    | 1 2 3 4 |  4.4
Axes           | 1 2 3 4 |  4.4
Maces & Flails | 1 2 3 4 |  4.4
Polearms       | 1 2 3 4 |  4.4
Staves         | 1 2 3 4 |  4.4
Ranged Weapons | 1 2 3 4 |  4.4
Throwing       | 1 2 3 4 |  4.4
Shields        | 1 2 3 4 |  4.4
Unarmed Combat | 1 2 3 4 |  4.4
Spellcasting   | 1 2 3 4 |  4.4
Conjurations   | 1 2 3 |  3.6
Hexes          | 1 2 3 |  3.6
Summonings     | 1 2 3 |  3.6
Necromancy     | 1 2 3 |  3.6
Translocations | 1 2 3 |  3.6
Transmutations | 1 2 3 |  3.6
Fire Magic     | 1 2 3 |  3.6
Ice Magic      | 1 2 3 |  3.6
Air Magic      | 1 2 3 |  3.6
Earth Magic    | 1 2 3 |  3.6
Poison Magic   | 1 2 3 |  3.6
Shapeshifting  | 1 2 3 |  3.6
Fighting       | 3 4 5 |  5.2
Dodging        | 3 4 5 |  5.2
Stealth        | 3 4 5 |  5.0
Armour         | 5 6 |  6.4
Evocations     | 7 8 |  8.0

Action                     |  1- 3 |  4- 6 |  7- 9 || total
---------------------------+-------+-------+-------++-------
  Melee: Club              |   178 |   135 |     4 ||   317
         Bite              |    22 |    18 |    15 ||    55
         Punch             |     1 |     3 |     3 ||     7
         Whip              |       |       |    83 ||    83
         Scimitar          |       |       |    24 ||    24
 Invoke: Recall Ancestor   |       |       |     3 ||     3
         Ancestor Life: Ba |       |       |     1 ||     1
  Evoke: Wand              |       |     3 |     3 ||     6
    Use: Scroll            |       |     8 |       ||     8
         Potion            |       |       |     2 ||     2
   Stab: Sleeping          |     6 |     4 |     2 ||    12
         Distracted        |       |       |     1 ||     1
 Armour: Leather armour    |    62 |    42 |    16 ||   120
         Plate armour      |       |       |     9 ||     9
  Dodge: Dodged            |   152 |    97 |    79 ||   328

Table legend: (Time is in decaauts)
 A = Elapsed time spent in this place.
 B = Non-inter-level travel time spent in this place.
 C = Inter-level travel time spent in this place.
 D = Time resting spent in this place.
 E = Time spent auto-exploring this place.
 F = Levels seen in this place.
 G = Mean time per level.
                   A        B        C        D        E       F      G
               +--------+--------+--------+--------+--------+-----+--------+
         Total |   7038 |   6759 |    279 |   1361 |   4250 |   9 |  782.0 |
       Dungeon |   7025 |   6752 |    273 |   1361 |   4250 |   8 |  878.1 |
        Temple |     12 |      6 |      6 |      0 |      0 |   1 |   12.0 |
               +--------+--------+--------+--------+--------+-----+--------+

Top non-repeatable levels by time:
     D:3: 1282 daAuts
     D:1: 1093 daAuts
     D:7: 1079 daAuts
     D:4: 1070 daAuts
     D:5: 965 daAuts
     D:2: 819 daAuts
     D:6: 666 daAuts
     D:8: 48 daAuts
  Temple: 12 daAuts
